MID
BELOIT SNAPPERS @ KANNAPOLIS INTIMIDATORS
07/10/2044
 
TOP OF THE 1ST
Beloit Snappers batting - Pitching for Kannapolis Intimidators : RHP Jose Montoya
Pitching: RHP Jose Montoya
Batting: RHB Willie de los Santos 0-0: Ball
1-0: Foul Ball, location: 2F
1-1: Ground out 5-3 (Groundball, 56, EV 98.1 MPH)
Batting: RHB Moses Brokken 0-0: Ball
1-0: Swinging Strike
1-1: Foul Ball, location: 2F
1-2: Foul Ball, location: 2F
1-2: Strikes out swinging
Batting: SHB D.J. Codd 0-0: Foul Ball, location: 2F
0-1: Foul Ball, location: 2F
0-2: Fly out, F8 (Line Drive, 8RM, EV 106.3 MPH)
Top of the 1st over - 0 runs, 0 hits, 0 errors, 0 left on base; Beloit 0 - Kannapolis 0
BOTTOM OF THE 1ST
Kannapolis Intimidators batting - Pitching for Beloit Snappers : RHP Andrew Douglas
Pitching: RHP Andrew Douglas
Batting: LHB John Thurman 0-0: Called Strike
0-1: Ball
1-1: Ball
2-1: Fly out, F6 (Popup, 6D, EV 65.6 MPH)
Batting: RHB Mike Warzecha 0-0: Ball
1-0: Called Strike
1-1: Swinging Strike
1-2: Ball
2-2: Ground out 5-3 (Groundball, 15, EV 84.4 MPH)
Batting: LHB Angel Tellez 0-0: Called Strike
0-1: Ball
1-1: Ball
2-1: Ball
3-1: Called Strike
3-2: Foul Ball, location: 2F
3-2: DOUBLE (Line Drive, 7LS, EV 100.0 MPH)
Batting: LHB Alberto Carrasco 0-0: Ball
1-0: Ball
2-0: Ball
3-0: Called Strike
3-1: SINGLE (Line Drive, 9S, EV 101.9 MPH)
Angel Tellez to third
Runner from 3rd tries for Home, throw by RF and OUT! 9-2
Bottom of the 1st over - 0 runs, 2 hits, 0 errors, 1 left on base; Beloit 0 - Kannapolis 0
TOP OF THE 2ND
Beloit Snappers batting - Pitching for Kannapolis Intimidators : RHP Jose Montoya
Batting: RHB Scott Wiggs 0-0: Foul Ball, location: 2F
0-1: Ball
1-1: Swinging Strike
1-2: Foul Ball, location: 2F
1-2: Ball
2-2: Ball
3-2: Foul Ball, location: 2F
3-2: Fly out, F8 (Line Drive, 8LM, EV 88.8 MPH)
Batting: RHB Manny Vizzerra 0-0: Fly out, F7 (Flyball, 7, EV 81.9 MPH)
Batting: RHB Rick Linders 0-0: Ball
1-0: Ball
2-0: Foul Ball, location: 2F
2-1: Foul Ball, location: 2F
2-2: Ball
3-2: Strikes out swinging
Top of the 2nd over - 0 runs, 0 hits, 0 errors, 0 left on base; Beloit 0 - Kannapolis 0
BOTTOM OF THE 2ND
Kannapolis Intimidators batting - Pitching for Beloit Snappers : RHP Andrew Douglas
Batting: RHB Micah Brown 0-0: Called Strike
0-1: Foul Ball, location: 2F
0-2: Ball
1-2: SOLO HOME RUN (Flyball, 89XD, EV 101.9 MPH), Distance : 394 ft
Batting: RHB Mark Jones 0-0: Ball
1-0: Ball
2-0: Foul Ball, location: 2F
2-1: Ball
3-1: DOUBLE (Flyball, 8RD, EV 86.9 MPH)
Batting: SHB Tadaaki Kondo 0-0: Ground out 4-3 (Groundball, 4, EV 89.4 MPH)
Mark Jones to third
Batting: RHB Ching-hsia Zhang 0-0: Fly out, F8 (Flyball, 8RD, EV 106.9 MPH)
Runner from 3rd tags up, SCORES, throw by CF
Batting: RHB Tyrell Camp 0-0: Called Strike
0-1: Called Strike
0-2: Ball
1-2: Ball
2-2: Strikes out swinging
Bottom of the 2nd over - 2 runs, 2 hits, 0 errors, 0 left on base; Beloit 0 - Kannapolis 2
TOP OF THE 3RD
Beloit Snappers batting - Pitching for Kannapolis Intimidators : RHP Jose Montoya
Batting: RHB Travis Lanctot 0-0: Ground out 3-1 (Groundball, 34, EV 96.9 MPH)
Batting: LHB Raita Inouye 0-0: Swinging Strike
0-1: Ball
1-1: Foul Ball, location: 2F
1-2: Strikes out swinging
Batting: RHB Brian Rathbun 0-0: Called Strike
0-1: Ground out 3-1 (Groundball, 34S, EV 78.1 MPH)
Top of the 3rd over - 0 runs, 0 hits, 0 errors, 0 left on base; Beloit 0 - Kannapolis 2
BOTTOM OF THE 3RD
Kannapolis Intimidators batting - Pitching for Beloit Snappers : RHP Andrew Douglas
Batting: LHB John Thurman 0-0: Ball
1-0: Foul Ball, location: 2F
1-1: Ball
2-1: Ball
3-1: SINGLE (Groundball, 34D, EV 104.4 MPH)
Batting: RHB Mike Warzecha 0-0: Called Strike
0-1: Fly out, F7 (Flyball, 7LS, EV 95.0 MPH)
Batting: LHB Angel Tellez 0-0: Ball
1-0: Called Strike
John Thurman steals 2nd base
1-1: Called Strike
1-2: Foul Ball, location: 2F
1-2: Ball
2-2: Foul Ball, location: 2F
2-2: Ball
3-2: Fly out, F6 (Popup, 6, EV 73.1 MPH)
Pitching: RHP Etsuji Kawasaki
Batting: LHB Alberto Carrasco 0-0: Ball
1-0: DOUBLE (Line Drive, 8RXD, EV 103.8 MPH)
John Thurman scores
Batting: RHB Micah Brown 0-0: Foul Ball, location: 2F
0-1: Swinging Strike
0-2: Ball
1-2: Ball
2-2: Strikes out looking
Bottom of the 3rd over - 1 run, 2 hits, 0 errors, 1 left on base; Beloit 0 - Kannapolis 3
TOP OF THE 4TH
Beloit Snappers batting - Pitching for Kannapolis Intimidators : RHP Jose Montoya
Batting: RHB Willie de los Santos 0-0: Fly out, F6 (Line Drive, 6, EV 71.3 MPH)
Batting: RHB Moses Brokken 0-0: Ball
1-0: Ball
2-0: Foul Ball, location: 2F
2-1: Fly out, F3 (Flyball, 3D, EV 88.1 MPH)
Batting: SHB D.J. Codd 0-0: Ball
1-0: Called Strike
1-1: SINGLE (Line Drive, 8RS, EV 102.5 MPH)
Batting: RHB Scott Wiggs 0-0: Ball
1-0: Foul Ball, location: 2F
1-1: Foul Ball, location: 2F
1-2: Foul Ball, location: 2F
1-2: Strikes out swinging
Top of the 4th over - 0 runs, 1 hit, 0 errors, 1 left on base; Beloit 0 - Kannapolis 3
BOTTOM OF THE 4TH
Kannapolis Intimidators batting - Pitching for Beloit Snappers : RHP Etsuji Kawasaki
Batting: RHB Mark Jones 0-0: SINGLE (Line Drive, 4MD, EV 105.6 MPH)
Batting: SHB Tadaaki Kondo 0-0: Called Strike
0-1: Foul Ball, location: 2F
0-2: Strikes out swinging
Batting: RHB Ching-hsia Zhang 0-0: Foul Ball, location: 2F
0-1: Called Strike
0-2: Strikes out swinging
Batting: RHB Tyrell Camp 0-0: SINGLE (Groundball, 6D, EV 101.9 MPH)
Mark Jones to second
Batting: LHB John Thurman 0-0: Called Strike
0-1: Ball
1-1: Foul Ball, location: 2F
1-2: Ball
2-2: Foul Ball, location: 2F
2-2: Foul Ball, location: 2F
2-2: Foul Ball, location: 2F
2-2: Ball
3-2: SINGLE (Groundball, 34D, EV 104.4 MPH)
Mark Jones to third
Tyrell Camp to second
Mark Jones scores
Tyrell Camp to third
Batting: RHB Mike Warzecha 0-0: Called Strike
0-1: Ball
1-1: Ball
2-1: Ground out 4-3 (Groundball, 4D, EV 109.4 MPH)
Bottom of the 4th over - 1 run, 3 hits, 0 errors, 2 left on base; Beloit 0 - Kannapolis 4
TOP OF THE 5TH
Beloit Snappers batting - Pitching for Kannapolis Intimidators : RHP Jose Montoya
Batting: RHB Manny Vizzerra 0-0: Ball
1-0: SOLO HOME RUN (Flyball, 7D, EV 96.3 MPH), Distance : 353 ft
Batting: RHB Rick Linders 0-0: Ball
1-0: Called Strike
1-1: SOLO HOME RUN (Flyball, 8RXD, EV 111.9 MPH), Distance : 416 ft
Batting: RHB Travis Lanctot 0-0: TRIPLE (Flyball, 8LXD, EV 95.0 MPH)
Batting: LHB Raita Inouye 0-0: Called Strike
0-1: Ball
1-1: Foul Ball, location: 2F
1-2: Foul Ball, location: 2F
1-2: Ball
2-2: Strikes out swinging
Batting: RHB Brian Rathbun 0-0: Foul Ball, location: 2F
0-1: Ball
1-1: Foul Ball, location: 2F
1-2: Ball
2-2: Strikes out swinging
Batting: RHB Willie de los Santos 0-0: Ball
1-0: Called Strike
1-1: Foul Ball, location: 2F
1-2: Reached on error, E6 (Groundball, 6, EV 105.6 MPH)
Travis Lanctot scores
Batting: RHB Moses Brokken 0-0: Ball
Willie de los Santos steals 2nd base
1-0: Foul Ball, location: 2F
1-1: Ground out U3 (Groundball, 13, EV 86.3 MPH)
Top of the 5th over - 3 runs, 3 hits, 1 error, 1 left on base; Beloit 3 - Kannapolis 4
BOTTOM OF THE 5TH
Kannapolis Intimidators batting - Pitching for Beloit Snappers : RHP Etsuji Kawasaki
Batting: LHB Angel Tellez 0-0: Foul Ball, location: 2F
0-1: Called Strike
0-2: Foul Ball, location: 2F
0-2: Foul Ball, location: 2F
0-2: Foul Ball, location: 2F
0-2: Ball
1-2: Ball
2-2: Ball
3-2: Foul Ball, location: 2F
3-2: Foul Ball, location: 2F
3-2: Ground out 5-3 (Groundball, 56, EV 85.6 MPH)
Batting: LHB Alberto Carrasco 0-0: Ball
1-0: Called Strike
1-1: Foul Ball, location: 2F
1-2: Ball
2-2: SINGLE (Groundball, 56D, EV 96.9 MPH)
Batting: RHB Micah Brown Pickoff Throw to First - Error! E1
Alberto Carrasco to second
0-0: Called Strike
0-1: Ball
1-1: Swinging Strike
1-2: Strikes out swinging
Pitching: LHP Jimmy Ford
Batting: RHB Mark Jones 0-0: Called Strike
0-1: Foul Ball, location: 2F
0-2: Ball
1-2: Foul Ball, location: 2F
1-2: Ball
2-2: Reached on error, E6 (Groundball, 6, EV 101.3 MPH)
Alberto Carrasco scores
Batting: SHB Tadaaki Kondo 0-0: Swinging Strike
0-1: 2-RUN HOME RUN (Flyball, 9D, EV 95.0 MPH), Distance : 340 ft
Batting: RHB Ching-hsia Zhang 0-0: Foul Ball, location: 2F
0-1: Ball
1-1: SINGLE (Flyball, 3D, EV 91.3 MPH)
Batting: RHB Tyrell Camp 0-0: SINGLE (Line Drive, 8RS, EV 100.0 MPH)
Ching-hsia Zhang to second
Batting: LHB John Thurman 0-0: Called Strike
0-1: Ball
1-1: Ball
2-1: Swinging Strike
2-2: Ground out U3 (Groundball, 34, EV 83.8 MPH)
Bottom of the 5th over - 3 runs, 4 hits, 2 errors, 2 left on base; Beloit 3 - Kannapolis 7
TOP OF THE 6TH
Beloit Snappers batting - Pitching for Kannapolis Intimidators : RHP Jose Montoya
Batting: SHB D.J. Codd 0-0: Ball
1-0: Ball
2-0: Ball
3-0: Foul Ball, location: 2F
3-1: Foul Ball, location: 2F
3-2: DOUBLE (Line Drive, 89M, EV 94.4 MPH)
Batting: RHB Scott Wiggs 0-0: Swinging Strike
0-1: Foul Ball, location: 2F
0-2: Foul Ball, location: 2F
0-2: Foul Ball, location: 2F
0-2: SINGLE (Groundball, 6MD, EV 101.9 MPH)
D.J. Codd to third
Batting: RHB Manny Vizzerra 0-0: Ball
1-0: Fly out, F9 (Flyball, 89D, EV 86.3 MPH)
Runner from 3rd tags up, SCORES, throw by RF
Batting: RHB Rick Linders 0-0: Called Strike
Scott Wiggs steals 2nd base
0-1: Swinging Strike
0-2: Ball
1-2: Strikes out looking
Batting: RHB Travis Lanctot 0-0: SINGLE (Groundball, 6M, EV 100.0 MPH)
Scott Wiggs to third
Runner from 3rd tries for Home, SAFE, throw by CF to home
Batting: LHB Raita Inouye 0-0: Ball
1-0: Ball
2-0: Called Strike
2-1: Foul Ball, location: 2F
2-2: Foul Ball, location: 2F
2-2: Ball
3-2: Strikes out swinging
Top of the 6th over - 2 runs, 3 hits, 0 errors, 1 left on base; Beloit 5 - Kannapolis 7
BOTTOM OF THE 6TH
Kannapolis Intimidators batting - Pitching for Beloit Snappers : LHP Jimmy Ford
Batting: RHB Mike Warzecha 0-0: Ball
1-0: Called Strike
1-1: Called Strike
1-2: Ball
2-2: Ball
3-2: Foul Ball, location: 2F
3-2: Base on Balls
Batting: LHB Angel Tellez 0-0: Called Strike
0-1: Foul Ball, location: 2F
0-2: Ball
1-2: Ball
2-2: Foul Ball, location: 2F
2-2: Ball
3-2: Fly out, F8 (Flyball, 8LS, EV 88.1 MPH)
Batting: LHB Alberto Carrasco 0-0: Ball
1-0: Ball
2-0: Called Strike
2-1: DOUBLE (Line Drive, 89M, EV 95.0 MPH)
Mike Warzecha to third
Batting: RHB Micah Brown 0-0: Called Strike
0-1: Swinging Strike
0-2: Foul Ball, location: 2F
0-2: Foul Ball, location: 2F
0-2: Ball
1-2: Strikes out swinging
Batting: RHB Mark Jones 0-0: Ball
1-0: Ground out 4-3 (Groundball, 4M, EV 88.1 MPH)
Bottom of the 6th over - 0 runs, 1 hit, 0 errors, 2 left on base; Beloit 5 - Kannapolis 7
TOP OF THE 7TH
Beloit Snappers batting - Pitching for Kannapolis Intimidators : RHP Jose Montoya
Pitching: LHP Steve Knezevic
Batting: RHB Brian Rathbun 0-0: Called Strike
0-1: Ball
1-1: Foul Ball, location: 2F
1-2: Ground out U3 (Groundball, 34S, EV 89.4 MPH)
Batting: RHB Willie de los Santos 0-0: Ball
1-0: Ball
2-0: Swinging Strike
2-1: Ball
3-1: Base on Balls
Batting: RHB Moses Brokken 0-0: Called Strike
Willie de los Santos steals 2nd base
0-1: Foul Ball, location: 2F
0-2: Ball
1-2: Strikes out swinging
Batting: SHB D.J. Codd 0-0: Called Strike
0-1: Ground out 4-3 (Groundball, 4S, EV 88.8 MPH)
Top of the 7th over - 0 runs, 0 hits, 0 errors, 1 left on base; Beloit 5 - Kannapolis 7
BOTTOM OF THE 7TH
Kannapolis Intimidators batting - Pitching for Beloit Snappers : LHP Jimmy Ford
Pitching: RHP Steve Friesner
Batting: SHB Tadaaki Kondo 0-0: Fly out, F5 (Popup, 5SF, EV 75.0 MPH)
Batting: RHB Ching-hsia Zhang 0-0: Called Strike
0-1: Ball
1-1: Called Strike
1-2: Ball
2-2: Ball
3-2: Foul Ball, location: 2F
3-2: Foul Ball, location: 2F
3-2: Base on Balls
Batting: RHB Tyrell Camp 0-0: Called Strike
Ching-hsia Zhang steals 2nd base
0-1: Ball
1-1: Ball
2-1: Ball
3-1: Foul Ball, location: 2F
3-2: Strikes out swinging
Batting: LHB John Thurman 0-0: Called Strike
0-1: Fly out, F8 (Flyball, 8LS, EV 92.5 MPH)
Bottom of the 7th over - 0 runs, 0 hits, 0 errors, 1 left on base; Beloit 5 - Kannapolis 7
TOP OF THE 8TH
Beloit Snappers batting - Pitching for Kannapolis Intimidators : LHP Steve Knezevic
Batting: RHB Scott Wiggs 0-0: Called Strike
0-1: Ball
1-1: Ball
2-1: Ball
3-1: Ground out 6-3 (Groundball, 6, EV 78.1 MPH)
Batting: RHB Manny Vizzerra 0-0: Ball
1-0: Ball
2-0: Ball
3-0: Called Strike
3-1: Ground out 4-3 (Groundball, 4, EV 77.5 MPH)
Batting: RHB Rick Linders 0-0: Ball
1-0: Ball
2-0: Fly out, F9 (Flyball, 89M, EV 91.3 MPH)
Top of the 8th over - 0 runs, 0 hits, 0 errors, 0 left on base; Beloit 5 - Kannapolis 7
BOTTOM OF THE 8TH
Kannapolis Intimidators batting - Pitching for Beloit Snappers : RHP Steve Friesner
Batting: RHB Mike Warzecha 0-0: Called Strike
0-1: SINGLE (Line Drive, 6MD, EV 95.0 MPH)
Batting: LHB Angel Tellez 0-0: Called Strike
0-1: Ball
1-1: SINGLE (Groundball, 4MD, EV 95.6 MPH)
Mike Warzecha to second
Batting: LHB Alberto Carrasco 0-0: Foul Ball, location: 2F
0-1: Ball
1-1: SINGLE (Line Drive, 9LD, EV 103.8 MPH)
Mike Warzecha to third
Angel Tellez to second
Batting: RHB Micah Brown 0-0: SINGLE (Flyball, 9S, EV 91.3 MPH)
Mike Warzecha scores
Angel Tellez to third
Alberto Carrasco to second
Batting: RHB Mark Jones 0-0: Ball
1-0: Ball
2-0: Ball
3-0: Called Strike
3-1: Called Strike
Balk!
Angel Tellez scores
Alberto Carrasco to third
Micah Brown to second
3-2: Foul Ball, location: 2F
3-2: Strikes out swinging
Batting: SHB Tadaaki Kondo 0-0: Called Strike
0-1: Ball
1-1: Ball
2-1: Swinging Strike
2-2: Foul Ball, location: 2F
2-2: Strikes out swinging
Batting: RHB Ching-hsia Zhang 0-0: Ball
1-0: Ground out 4-3 (Groundball, 4, EV 105.0 MPH)
Bottom of the 8th over - 2 runs, 4 hits, 0 errors, 2 left on base; Beloit 5 - Kannapolis 9
TOP OF THE 9TH
Beloit Snappers batting - Pitching for Kannapolis Intimidators : LHP Steve Knezevic
Pitching: RHP Jose Leal
Batting: RHB Travis Lanctot 0-0: Ball
1-0: Ball
2-0: Foul Ball, location: 2F
2-1: Swinging Strike
2-2: Strikes out swinging
Batting: LHB Raita Inouye 0-0: Ball
1-0: Ball
2-0: Ball
3-0: Base on Balls
Batting: RHB Brian Rathbun
Pinch Hitting: LHB Nick Pacheco 0-0: Called Strike
0-1: Called Strike
0-2: Foul Ball, location: 2F
0-2: Foul Ball, location: 2F
0-2: Strikes out looking
Batting: RHB Willie de los Santos 0-0: Ball
1-0: Ball
Wild Pitch!
Raita Inouye to second
2-0: Ball
3-0: Called Strike
3-1: Swinging Strike
3-2: Base on Balls
Pitching: RHP Tony Arriaga
Batting: RHB Moses Brokken 0-0: Foul Ball, location: 2F
0-1: Ball
1-1: Foul Ball, location: 2F
1-2: Strikes out looking
Top of the 9th over - 0 runs, 0 hits, 0 errors, 2 left on base; Beloit 5 - Kannapolis 9
Thursday, March 31st , 2022 - OOTP Baseball 22.12 Build 89